 Dungeon Crawl Stone Soup version 0.28.0-45-g0d030f2227 (webtiles) character file.

Game seed: 11382490228410894869

1038 seaoflcl the Shield-Bearer (level 8, -1/60 HPs)
             Began as a Human Fighter on Apr 12, 2022.
             Was an Initiate of Gozag.
             Succumbed to a killer bee's poison
             ... on level 5 of the Dungeon.
             The game lasted 00:08:29 (5294 turns).

seaoflcl the Shield-Bearer (Human Fighter)          Turns: 5294, Time: 00:08:29

Health: -1/60      AC: 19    Str: 18    XL:     8   Next: 48%
Magic:  8/8        EV:  6    Int:  8    God:    Gozag
Gold:   181        SH: 15    Dex: 14    Spells: 7/7 levels left

rFire   . . .      SeeInvis .   a - +2 falchion (protect)
rCold   . . .      Faith    .   i - +0 kite shield
rNeg    . . .      Spirit   .   l - +0 chain mail
rPois   .          Reflect  +   r - +0 helmet
rElec   .          Harm     .   u - +0 cloak
rCorr   .          Rampage  .   (no gloves)
Will    .....                   (no boots)
Stlth   ..........              o - amulet of reflection
HPRegen 0.20/turn               (no ring)
MPRegen 0.11/turn               (no ring)

@: mighty, lethally poisoned (-1 -> -7), gold aura, under a protective aura, on
berserk cooldown, hasted and slowed
A: no striking features
a: Renounce Religion, Potion Petition, Call Merchant, Bribe Branch


You were on level 5 of the Dungeon.
You worshipped Gozag.
Gozag was aware of your devotion.
You visited 1 branch of the dungeon, and saw 5 of its levels.

You collected 262 gold pieces.
You spent 45 gold pieces at shops.
You paid 36 gold pieces to Gozag.

Inventory:

Hand Weapons
 a - a +2 falchion of protection (weapon)
 b - a +0 hunting sling
 q - a +0 long sword
Missiles
 g - 46 sling bullets
Armour
 i - a +0 kite shield (worn)
 l - a +0 chain mail (worn)
 r - a +0 helmet (worn)
 u - a +0 cloak (worn)
Jewellery
 o - an amulet of reflection (around neck)
Wands
 s - a wand of acid (5)
Scrolls
 c - 2 scrolls of enchant weapon {unknown}
 f - a scroll of teleportation {unknown}
 h - 2 scrolls of fear
 j - a scroll of brand weapon {unknown}
 p - a scroll of holy word
 t - a scroll of torment {unknown}
 x - 2 scrolls of blinking {unknown}
 y - a scroll of immolation {unknown}
Potions
 d - a potion of might
 e - a potion of flight {unknown}
 k - a potion of attraction
 m - a potion of resistance
 v - 2 potions of lignification {unknown}
 w - a potion of mutation {unknown}


   Skills:
 + Level 4.2 Fighting
 + Level 5.4 Long Blades
 + Level 5.1 Armour
 + Level 1.3 Dodging
 + Level 0.5 Stealth
 + Level 6.2 Shields


You had 7 spell levels left.
You didn't know any spells.
Your spell library was empty.

Dungeon Overview and Level Annotations

Branches:
Dungeon (5/15)
 Temple: D:4-7

Altars:
Fedhas
Gozag
Okawaru
Ru

Shops:
D:4 [

Annotations:
D:5 1 transporter


Message History

The two-headed ogre is lightly wounded.
The killer bee stings you.
You are poisoned.
The killer bee poisons you!
The bullfrog skeleton barely misses you.
The two-headed ogre completely misses you.
The two-headed ogre hits you with a +0 giant club!!
The centaur zombie barely misses you. You block the centaur zombie's attack.
You slash the two-headed ogre!
The two-headed ogre is moderately wounded.
You feel sick.
The killer bee stings you but does no damage.
You block the centaur zombie's attack.
The centaur zombie kicks you but does no damage.
You block the bullfrog skeleton's attack.
You block the killer bee's attack.
The two-headed ogre hits you with a +0 giant club!
* * * LOW HITPOINT WARNING * * *
The two-headed ogre hits you with a +0 giant club!!
* * * LOW HITPOINT WARNING * * *
You slash the two-headed ogre!
The two-headed ogre is heavily wounded.
* * * LOW HITPOINT WARNING * * *
You feel sick.
The killer bee stings you but does no damage.
The centaur zombie hits you but does no damage.
You block the centaur zombie's attack.
You block the bullfrog skeleton's attack.
You can't go down here!
You are no longer berserk.
You are exhausted.
You feel yourself slow down.
* * * LOW HITPOINT WARNING * * *
You feel sick. You block the centaur zombie's attack.
The centaur zombie kicks you but does no damage.
Unknown command.
You slash the two-headed ogre!
The two-headed ogre is severely wounded.
You die...
Your body crumbles into a pile of gold.

##.#...# #.......).
....)### #############
#......... #.####
##...........###....#####
.## #..#########..##....#
.# #.##.......##.##...##
.# #.#8.......8#.##...#
.# ##.#$?.......#.##...#
.# ##..#_?....O..#......#
.# #..©#_$...@yZ.#©....##
.##
#...#_$....Z..#.(....#
..#
#.#.#$(....Z..#...#....#
..#
#.#.#8.......8#..####...#
..# #.#.##...©...##.##
#.... ..##
#.#..#########..# ....
...## #..............##
.#.
#...####...########..#
##...##....#### ..#


You could see a two-headed ogre, a killer bee, a centaur zombie, a bullfrog
skeleton and a centaur skeleton.

Vanquished Creatures
  The ghost of Antichthon the Cudgeller, an amateur NaWr (D:3)
  Duvessa (D:4)
  A black bear (D:5)
  2 centaurs (D:5)
  2 bullfrogs
  A scorpion (D:5)
  Dowan (D:4)
  A howler monkey (D:5)
  A jelly (D:5)
  An orc priest (D:5)
  An orc wizard (D:4)
  A hound skeleton (D:4)
  Robin (D:4)
  3 gnolls (D:4)
  4 adders
  2 adder skeletons (D:4)
  3 worms
  A dart slug (D:3)
  11 orcs
  8 ball pythons
  8 endoplasms
  5 giant cockroaches
  14 goblins
  9 hobgoblins
  2 jackals (D:3)
  3 quokkas
  2 bats
  6 frilled lizards
  3 kobolds
  4 rats
103 creatures vanquished.

Vanquished Creatures (others)
  3 fungi (D:4)
3 creatures vanquished.

Grand Total: 106 creatures vanquished

Notes
Turn   | Place    | Note
-------+----------+-------------------------------------------
     0 | D:1      | seaoflcl the Human Fighter began the quest for the Orb.
     0 | D:1      | Reached XP level 1. HP: 18/18 MP: 1/1
    41 | D:1      | You fall into a shaft and drop 1 floor!
    82 | D:2      | Reached XP level 2. HP: 17/24 MP: 2/2
   552 | D:2      | Found a faded altar of an unknown god.
   867 | D:2      | Reached XP level 3. HP: 20/29 MP: 3/3
  2176 | D:3      | Reached XP level 4. HP: 27/35 MP: 4/4
  2180 | D:3      | Noticed a bullfrog
  2202 | D:3      | Killed a bullfrog
  2203 | D:3      | Reached skill level 4 in Shields
  2203 | D:3      | Reached XP level 5. HP: 2/41 MP: 5/5
  2718 | D:3      | Found a runed translucent door.
  2719 | D:3      | Noticed Antichthon's ghost (amateur NaWr)
  3405 | D:3      | Killed Antichthon's ghost
  3406 | D:3      | Reached XP level 6. HP: 29/48 MP: 6/6
  3547 | D:4      | Noticed Robin
  3596 | D:4      | Killed Robin
  3977 | D:4      | Reached skill level 1 in Dodging
  4003 | D:4      | Reached XP level 7. HP: 53/53 MP: 7/7
  4072 | D:4      | Noticed Duvessa
  4074 | D:4      | Noticed Dowan
  4096 | D:4      | Killed Duvessa
  4100 | D:4      | Killed Dowan
  4101 | D:4      | Reached skill level 5 in Shields
  4312 | D:4      | Found Wiggaiza's Armour Shop.
  4320 | D:4      | Bought a +0 cloak for 45 gold pieces
  4414 | D:4      | Found an opulent altar of Gozag.
  4428 | D:4      | Became a worshipper of Gozag Ym Sagoz the Greedy
  4466 | D:5      | Entered Level 5 of the Dungeon
  4734 | D:5      | Reached XP level 8. HP: 38/60 MP: 8/8
  4946 | D:5      | Reached skill level 5 in Long Blades
  5177 | D:5      | Reached skill level 5 in Armour
  5177 | D:5      | Reached skill level 6 in Shields
  5206 | D:5      | Found an iron altar of Okawaru.
  5207 | D:5      | Found a transporter.
  5207 | D:5      | Noticed a two-headed ogre
  5208 | D:5      | Found a blossoming altar of Fedhas.
  5209 | D:5      | Found a sacrificial altar of Ru.
  5224 | D:5      | Found a transporter.
  5291 | D:5      | HP: 4/90 [two-headed ogre/+0 giant club (20)]
  5293 | D:5      | HP: 1/60 [poisoned by a killer bee]
  5294 | D:5      | Succumbed to a killer bee's poison

Illustrated notes

Levels and vault maps discovered:
D:1:      amcnicky_arrival_flooded_fountain, layout_loops_cross
D:2:      layout_loops_ring, ebering_ecumenical_altar_box
D:3:      layout_basic, ebering_ghost_reflecting_pool
D:4:      layout_rooms, mainiacjoe_overflow_alcove_4, serial_shops, shop,
          uniq_duvessa, uniq_robin
D:5:      layout_layer_cave, gammafunk_temple_overflow_arena,
          uniq_crazy_yiuf_cottage

Skill      XL: |  1  2  3  4  5  6  7  8 |
---------------+-------------------------+-----
Long Blades    | 3 4 5 |  5.4
Shields        | 4 5 6 |  6.2
Armour         | 4 5 |  5.1
Dodging        | 1 |  1.3
Fighting       | 4 |  4.2
Stealth        | |  0.5

Action                   |  1- 3 |  4- 6 |  7- 9 || total
-------------------------+-------+-------+-------++-------
Melee: Long sword        |   102 |   129 |       ||   231
       Falchion          |       |    25 |   134 ||   159
  Use: Potion            |       |     2 |     4 ||     6
       Scroll            |       |     5 |       ||     5
 Stab: Distracted        |       |       |     1 ||     1
Armor: Scale mail        |    37 |       |       ||    37
       Chain mail        |     1 |   113 |    78 ||   192
Dodge: Dodged            |    29 |    23 |    30 ||    82
Block: Buckler           |    17 |       |       ||    17
       Kite shield       |    22 |    87 |   149 ||   258
       Reflection        |       |       |    11 ||    11
